Map: Forêt cybernétique EC

Players

Sorandom

  • Race: Zerg Zerg
  • League: Diamond
  • Spawn Location: 11:00

Barren - Winner!

  • Race: Zerg Zerg
  • League: Diamond
  • Spawn Location: 5:00

VOD

Have the link to the VOD?

Description

Time

  • Played on: April 12, 2019, 10:47 p.m.
  • Length: 2:59
Show
View Real Time Build Order
Export as new Build Order

Sorandom Zerg 

Build Orders: Pool First 

Get SALT Encoding   

  12  0:01  Drone  
  13  0:12  Overlord  
  13  0:19  Drone  
  14  0:31  Drone  
  14  0:32  Drone  
  14  0:35  Drone  
  17  0:37  Extractor  
  16  0:45  Drone  
  17  0:55  Spawning Pool  
  16  0:57  Drone  
  17  1:22  Hatchery  
  16  1:26  Drone  
  17  1:41  Queen  
  17  1:42  Zergling x2  
  17  1:43  Zergling x2  
  21  2:04  Overlord  
  21  2:14  Baneling Nest  
  20  2:20  Zergling x2  
  21  2:26  Zergling x4  
  23  2:36  Zergling x4  
Show
View Real Time Build Order
Export as new Build Order

Barren Zerg - Winner!

Build Orders: 1 Base Baneling Bust, Pool Only 

Get SALT Encoding   

  12  0:07  Extractor  
  11  0:22  Spawning Pool  
  11  0:26  Drone  
  11  0:38  Drone x2  
  13  0:44  Drone  
  14  0:56  Overlord  
  14  1:14  Zergling x2  
  14  1:15  Zergling x2  
  16  1:22  Zergling x2  
  16  1:25  Metabolic Boost  
  17  1:33  Baneling Nest  
  17  1:35  Zergling x2  
  17  1:45  Zergling x2  
  18  1:55  Zergling x2  
  19  2:13  Queen  
  21  2:16  Zergling x2, Overlord  
  21  2:19  Baneling x2  
  22  2:23  Baneling x2  
Tags
 
Add a new tag
Caveats
  • Supply blocks, unpowered buildings, or Contaminate may cause inaccurate times.
  • Supply counts are checked every 10 seconds.